 Dungeon Crawl Stone Soup version 0.26.1-2-gb8aa6d0cf2 (webtiles) character file.

Game seed: 5682480638326106366

5 Gadfly the Sneak (level 1, 0/33 HPs)
             Began as a Troll Delver on Feb 25, 2021.
             Slain by an adder (2 damage)
             ... on level 2 of the Dungeon.
             The game lasted 00:01:48 (377 turns).

Gadfly the Sneak (Troll Delver)                      Turns: 377, Time: 00:01:49

Health: 0/33       AC: 20    Str: 19    XL:     1   Next: 66%
Magic:  0/0        EV:  1    Int:  6    God:
Gold:   53         SH:  0    Dex: 11    Spells: 0/0 levels left

rFire    . . .     SeeInvis .   a - +0 mace
rCold    . . .     Faith    .   (no shield)
rNeg     + + +     Spirit   .   (armour currently unavailable)
rPois    +         Reflect  .   (helmet currently unavailable)
rElec    .         Harm     .   (cloak currently unavailable)
rCorr    .         Rampage  .   (gloves unavailable)
Will     .....     NoTele   +   (boots unavailable)
Stlth    ++........             (no amulet)
HPRegen  0.51/turn              (no ring)
MPRegen  0.07/turn              (no ring)

@: lethally poisoned (0 -> 0), tree-form
A: large, unfitting armour, regeneration 1
a: no special abilities


You were on level 2 of the Dungeon.
You were a tree.
You visited 2 branches of the dungeon, and saw 5 of its levels.

You collected 53 gold pieces.

Inventory:

Hand Weapons
 a - a +0 mace (weapon)
Armour
 b - a +0 robe (melded)
Wands
 g - a wand of digging (3)
Scrolls
 c - 4 scrolls of fog
 d - a scroll of magic mapping
 i - a scroll of teleportation {unknown}
Potions
 e - a potion of heal wounds {unknown}
 f - a potion of haste
 h - a potion of lignification
 j - a potion of berserk rage {unknown}


   Skills:
 - Level 2.4 Fighting
 + Level 1.9 Maces & Flails
 * Level 0.4 Armour
 - Level 1.5 Dodging
 - Level 2.7 Stealth
 * Level 0.3 Evocations


You couldn't memorise any spells.
You didn't know any spells.
Your spell library was empty.

Dungeon Overview and Level Annotations

Branches:
Dungeon (5/15)             Temple (1/1) D:4

Altars:
Ashenzari
Cheibriados
Dithmenos
Fedhas
Gozag
Hepliaklqana
Makhleb
Nemelex Xobeh
Okawaru
Qazlal
Ru
Trog
Uskayaw
Wu Jian
Yredelemnul
Zin
The Shining One


Innate Abilities, Weirdness & Mutations

You are too large for most types of armour.
((You have claws for hands.))
Your natural rate of healing is unusually fast.
((You are covered in fur. (AC +1)))
((You have extremely tough skin. (AC +3)))


Message History

You are too injured to fight recklessly!
You are too injured to fight recklessly!
Unknown command.
You miss the adder.
The adder is moderately wounded.
You feel sick. The adder bites you. x2
* * * LOW HITPOINT WARNING * * *
You closely miss the adder.
The adder is moderately wounded.
The adder bites you.
* * * LOW HITPOINT WARNING * * *
The adder barely misses you.
You hit the adder but do no damage.
The adder is moderately wounded.
* * * LOW HITPOINT WARNING * * *
You feel sick. The adder bites you but does no damage.
It was a potion of lignification.
You turn into a tree.
Your +0 robe melds into your body.
Your roots penetrate the ground.
The adder bites you.
You die...

...........#...#......#.......#
.####......#.#.#.#.##....._...#
#...#..#.....#.####.......#
##..........###.#####.....##
#.....#)##..# #.....##...##
#.....#.....###'##########
##.....#..##..).......#
#......##.##.S........#
##......##.##.♣........# #
#....#### ..##.........# #
##.### .. #.........# ...###
#.........# ._.#. #.........#
..^## #.........# ###+
............# # ##...........#
##.###.######


You could see an adder.

Vanquished Creatures
  2 goblins (D:2)
  2 hobgoblins (D:2)
  A rat (D:2)
5 creatures vanquished.

Notes
Turn   | Place    | Note
-------+----------+-------------------------------------------
     0 | D:5      | Gadfly the Troll Delver began the quest for the Orb.
     0 | D:5      | Reached XP level 1. HP: 22/22 MP: 0/0
    14 | D:4      | Found a staircase to the Ecumenical Temple.
    20 | Temple   | Entered the Ecumenical Temple
   123 | D:3      | Noticed an orc priest
   224 | D:2      | Found a broken altar of Ashenzari.
   338 | D:2      | Found a glowing golden altar of the Shining One.
   375 | D:2      | HP: 1/22 [adder (3)]
   377 | D:2      | Slain by an adder

Illustrated notes

Levels and vault maps discovered:
D:2:      layout_basic, nicolae_ashenzari_panopticon, lemuel_round_altar
D:3:      layout_rooms, cheibrodos_sewer_entry_sluice, uniq_grinder,
          uniq_terence
D:4:      layout_loops_cross, xom_teletrap_fun, amethyst_overflow_temple_binary,
          minmay_temple_entry_arrows, serial_shops, shop, skrybe_limestone_x,
          bloody_trog, uniq_natasha, uniq_sigmund
D:5:      layout_loops_ring, vehumet_crystals, dk_vineyard_3
Temple:   eino_wide_crystal_templ

Action                   || total
-------------------------++-------
Melee: Mace              ||    18
  Use: Scroll            ||     1
       Potion            ||     1
 Stab: Sleeping          ||     1
Armor: Robe              ||     5
Dodge: Dodged            ||     8
